 Dungeon Crawl Stone Soup version 0.19-a0-188-ga21aea4 (webtiles) character file.

954 Lugonue the Magician (level 7, -6/36 HPs)
             Began as a Deep Elf Conjurer on May 23, 2016.
             Mangled by an ice beast (14 damage)
             ... on level 6 of the Dungeon.
             The game lasted 00:22:01 (4326 turns).

Lugonue the Magician (Deep Elf Conjurer)            Turns: 4326, Time: 00:22:02

Health: -6/36      AC:  3    Str:  6    XL:     7   Next: 91%
Magic:  5/20       EV: 13    Int: 21    God:
Gold:   302        SH:  0    Dex: 15    Spells: 3 memorised, 12 levels left

rFire  . . .     SeeInvis .     q - +2 trident (flame)
rCold  . . .     Gourm    .     a - +1 robe
rNeg   . . .     Faith    .     (no shield)
rPois  +         Spirit   .     (no helmet)
rElec  .         Dismiss  +     (no cloak)
rCorr  .         Reflect  .     (no gloves)
SustAt +         Harm     .     (no boots)
MR     .....                    g - amulet of dismissal
Stlth  ++........               w - ring of sustain attributes
                                p - ring of poison resistance

@: very slightly contaminated, hasted, heavily drained, very quick, not
resistant to hostile enchantments, unstealthy
A: no striking features
a: no special abilities


You were on level 6 of the Dungeon.
You were hungry.

You visited 2 branches of the dungeon, and saw 7 of its levels.

You collected 302 gold pieces.

Inventory:

Hand Weapons
 q - a +2 trident of flaming (weapon)
Missiles
 d - 4 throwing nets (quivered)
Armour
 a - a +1 robe (worn)
 f - a +0 buckler
Jewellery
 g - an amulet of dismissal (around neck)
 p - a ring of poison resistance (left hand)
 w - a ring of sustain attributes (right hand)
Scrolls
 h - a scroll of remove curse
 j - 9 scrolls of identify
 k - 5 scrolls of fog
 m - a scroll of amnesia
Potions
 i - a potion of haste
 l - 2 potions of lignification {unknown}
 n - a potion of resistance {unknown}
 o - 2 potions of berserk rage {unknown}
 r - a potion of invisibility {unknown}
 s - a potion of heal wounds {unknown}
 u - a potion of flight {unknown}
Books
 b - a book of Conjurations

   Spells                             Type                      Level
   a - Magic Dart                     Conjuration                  1
   b - Searing Ray                    Conjuration                  2
   c - Dazzling Spray                 Conjuration/Hexes            3
   d - Fulminant Prism                Conjuration/Hexes            4
   e - Iskenderun's Mystic Blast      Conjuration                  4
   f - Iskenderun's Battlesphere      Conjuration/Charms           5
Comestibles
 c - 3 bread rations
 x - a slice of pizza
 z - a fruit


   Skills:
 - Level 0.2(0.0) Fighting
 + Level 0.5(0.0) Polearms
 + Level 3.7(2.4) Dodging
 + Level 3.7(2.4) Stealth
 * Level 7.9(6.5) Spellcasting
 + Level 7.1(5.8) Conjurations
 + Level 1.8(0.6) Hexes
 * Level 3.9(2.6) Charms


You had 12 spell levels left.
You knew the following spells:

 Your Spells              Type           Power        Failure   Level  Hunger
a - Magic Dart            Conj           ####         1%          1    None
b - Dazzling Spray        Conj/Hex       ###...       10%         3    #......
c - Iskenderun's Battles  Conj/Chrm      ###.....     54%         5    #####..


Dungeon Overview and Level Annotations

Branches:
Dungeon (6/15)             Temple (1/1) D:4

Altars:
Ashenzari
Fedhas
Kikubaaqudgha
Makhleb
Okawaru
Qazlal
Ru
Sif Muna
Trog
Xom
Zin
The Shining One

Shops:
D:4 :

Annotations:
D:5 Dowan


Message History

The ice beast is severely wounded.
Casting: Dazzling Spray
Confirm with . or Enter, or press ? or * to list all spells.
Aiming: Dazzling Spray
Press: ? - help, Shift-Dir - straight line, f/p - ice beast
Aim: an ice beast (severely wounded, blind)
The spray of energy hits the ice beast.
The ice beast is almost dead.
The ice beast is dazzled.
Casting: Dazzling Spray
Confirm with . or Enter, or press ? or * to list all spells.
Aiming: Magic Dart
Press: ? - help, Shift-Dir - straight line, f/p - ice beast
Aim: an ice beast (almost dead, blind)
The magic dart hits the ice beast.
The ice beast is almost dead.
The ice beast hits you.
* * * LOW HITPOINT WARNING * * *
The ice beast freezes you!
You die...

#...# #...##############
#.................
####.############....
#...>.......,........
#....####(...........
#######....# *,,..........
#..........# *,,......>...
###.......(.@# *,,..........
#...........Y# *,,......##'#
#............# *,,,,,,..*#.*
#............#***,,,,,,,,**,*
#...#####......#*,*****'***,*
#...# #......#*,,,,,,,,,,,*
#...#######....#,,,,,,,*,*,,*
#........##....#,,,,,,,*,,,,,
##.......+.....+,,,,,,,+,,,,,


You could see an ice beast (blind).

Vanquished Creatures
  2 phantoms
  4 wights (D:6)
  2 crimson imps
  3 hounds
  A jelly (D:5)
  An orc priest (D:5)
  Jessica (D:2)
  3 orc wizards (D:5)
  5 worker ants
  A hound skeleton (D:4)
  A gnoll (D:1)
  5 adders
  A shadow imp (D:5)
  2 oozes
  An adder skeleton (D:5)
  A worm (D:4)
  A giant gecko (D:2)
  16 orcs
  2 ball pythons
  3 giant cockroaches
  4 goblins
  4 hobgoblins
  7 jackals
  A quokka (D:5)
  7 bats
  3 giant newts
  A jackal skeleton (D:4)
  8 kobolds
  A quokka skeleton (D:4)
  7 rats
99 creatures vanquished.

Notes
Turn   | Place    | Note
--------------------------------------------------------------
     0 | D:1      | Lugonue the Deep Elf Conjurer began the quest for the Orb.
     0 | D:1      | Reached XP level 1. HP: 10/10 MP: 6/6
    96 | D:1      | Reached XP level 2. HP: 15/15 MP: 0/8
   328 | D:1      | Reached skill level 5 in Conjurations
   544 | D:2      | Reached XP level 3. HP: 19/19 MP: 5/9
   551 | D:2      | Learned a level 3 spell: Dazzling Spray
  1008 | D:2      | Noticed Jessica
  1012 | D:2      | Killed Jessica
  1012 | D:2      | Reached XP level 4. HP: 22/24 MP: 6/11
  1201 | D:2      | Found a stormy altar of Qazlal.
  1325 | D:3      | You fall through a shaft for 3 floors!
  1331 | D:6      | Noticed an ice beast
  1404 | D:5      | Entered Level 5 of the Dungeon
  1411 | D:5      | Reached XP level 5. HP: 28/28 MP: 3/13
  1506 | D:5      | Learned a level 5 spell: Iskenderun's Battlesphere
  1622 | D:4      | Found a staircase to the Ecumenical Temple.
  1640 | Temple   | Entered the Ecumenical Temple
  1921 | D:4      | Reached skill level 1 in Charms
  2067 | D:4      | Reached skill level 5 in Spellcasting
  2131 | D:4      | Found Feaciy's Book Emporium.
  2231 | D:4      | Noticed a phantom
  2358 | D:4      | Reached XP level 6. HP: 32/32 MP: 2/16
  2762 | D:4      | Reached skill level 1 in Hexes
  2894 | D:5      | Reached XP level 7. HP: 34/36 MP: 11/18
  3106 | D:5      | Got a heavily runed leather armour
  3119 | D:5      | Identified the cursed +1 leather armour of the Eternal Fruit {Int-3 Dex+5} (You found it on level 5 of the Dungeon)
  3149 | D:5      | Found a glowing golden altar of the Shining One.
  3153 | D:5      | Found a blossoming altar of Fedhas.
  3155 | D:5      | Found a shattered altar of Ashenzari.
  3656 | D:5      | Noticed Dowan
  4326 | D:6      | Mangled by an ice beast

Vault maps used:
D:1:      grunt_arrival_lava_bath
D:2:      nicolae_qazlal_general_emergency, first_bread, serial_bayou_pond_e,
          uniq_jessica
D:3:      uniq_iyjb
D:4:      temple_pool_b, serial_shops, nicolae_shop_window_shopping,
          minivault_14, minmay_misc_feat_four_crosses, hangedman_decor_riveting
D:5:      grunt_temple_overflow_diamond, minmay_misc_feat_tower, uniq_duvessa
D:6:      kennysheep_little_box, yredelemnul_altar_generic,
          nicolae_ossuary_entry_plus
Temple:   zaba_magenta_temple_8

Skill      XL: |  1  2  3  4  5  6  7 |
---------------+----------------------+-----
Conjurations   | 5 6 7 |  7.1
Spellcasting   | 4 5 6 7 |  7.9
Dodging        | 3 |  3.7
Charms         | 1 2 3 |  3.9
Stealth        | 3 |  3.7
Hexes          | 1 |  1.8
Fighting       | |  0.2
Polearms       | |  0.5

Action                   |  1- 3 |  4- 6 |  7- 9 || total
-------------------------+-------+-------+-------++-------
Melee: Unarmed           |     1 |       |       ||     1
       Trident           |       |    30 |    30 ||    60
 Cast: Magic Dart        |    69 |    92 |    70 ||   231
       Dazzling Spray    |     2 |    15 |    20 ||    37
  Use: Scroll            |     5 |     3 |     3 ||    11
       Potion            |       |       |     5 ||     5
 Stab: Sleeping          |       |     1 |     1 ||     2
       Invisible         |       |       |     3 ||     3
  Eat: Chunk             |       |     1 |     1 ||     2
       Meat ration       |       |     1 |       ||     1
       Beef jerky        |       |     1 |       ||     1
       Fruit             |       |       |     1 ||     1
       Pizza             |       |       |     1 ||     1
Armor: Robe              |     8 |     5 |     7 ||    20
Dodge: Dodged            |     9 |    41 |    37 ||    87
